 Dungeon Crawl Stone Soup version 0.28-a0-751-gef3a642a4e (webtiles) character file.

Game seed: 4846960012276534639

6217 Gargoyl the Fighter (level 10, -4/82 HPs)
             Began as a Gnoll Abyssal Knight on Oct 30, 2021.
             Was a Priest of Lugonu.
             Slain by a shadow (10 damage)
             ... on level 9 of the Dungeon.
             The game lasted 00:12:15 (12370 turns).

Gargoyl the Fighter (Gnoll Abyssal Knight)         Turns: 12370, Time: 00:12:16

Health: -4/82      AC: 14    Str: 14 (19) XL:     10   Next: 92%
Magic:  11/18      EV:  6    Int: 11 (14) God:    Lugonu [***...]
Gold:   461        SH:  0    Dex: 11 (12) Spells: 20/20 levels left

rFire   . . .      SeeInvis .   n - +9 spear "Mohujeih" {freeze, rElec Str+3 Int+4}
rCold   + . .      Faith    .   (no shield)
rNeg    . . .      Spirit   .   j - +1 plate armour
rPois   .          Reflect  .   (no helmet)
rElec   +          Harm     .   (no cloak)
rCorr   .          Rampage  .   (no gloves)
Will    .....                   (no boots)
Stlth   ..........              (no amulet)
HPRegen 0.23/turn               i - ring of protection from cold
MPRegen 0.16/turn               (no ring)

@: no status effects
A: fangs 1, strong nose, distributed training, deterioration 2, MP-powered wands
a: Renounce Religion, Depart the Abyss, Bend Space, Banish


You were on level 9 of the Dungeon.
You worshipped Lugonu.
Lugonu was most pleased with you.
You visited 1 branch of the dungeon, and saw 9 of its levels.
You visited the Abyss 1 time.

You collected 461 gold pieces.

Inventory:

Hand Weapons
 a - a +1 hand axe of draining
 k - a +2 whip of venom
 n - the +9 spear "Mohujeih" (weapon) {freeze, rElec Str+3 Int+4}
   (You found it on level 5 of the Dungeon)

   It freezes those it strikes, dealing additional cold damage.
   It can also slow down cold-blooded creatures.
   Str:       It affects your strength (+3).
   Int:       It affects your intelligence (+4).
   rElec:     It insulates you from electricity.
Missiles
 u - 16 poisoned darts (quivered)
Armour
 j - a +1 plate armour (worn)
Jewellery
 i - a ring of protection from cold (left hand)
 x - a ring of willpower
Wands
 g - a wand of charming (12)
 o - a wand of iceblast (11)
 r - a wand of flame (15)
 w - a wand of polymorph (5)
Scrolls
 d - 3 scrolls of identify
 q - 2 scrolls of enchant armour
 s - a scroll of holy word
 v - a scroll of fog
Potions
 b - a potion of might
 c - 5 potions of curing
 e - 2 potions of brilliance
 f - a potion of cancellation
 h - 2 potions of flight
 l - a potion of magic


   Skills:
 + Level 8.8 Fighting
 + Level 5.7 Short Blades
 + Level 5.7 Long Blades
 + Level 7.4 Axes
 + Level 5.7 Maces & Flails
 + Level 5.7 Polearms
 + Level 5.7 Staves
 + Level 5.7 Slings
 + Level 5.7 Bows
 + Level 5.7 Crossbows
 + Level 5.7 Throwing
 + Level 7.4 Armour
 + Level 6.3 Dodging
 + Level 5.7 Stealth
 + Level 5.7 Shields
 + Level 5.7 Unarmed Combat
 + Level 5.7 Spellcasting
 + Level 4.7 Conjurations
 + Level 4.7 Hexes
 + Level 4.7 Summonings
 + Level 4.7 Necromancy
 + Level 4.7 Translocations
 + Level 4.7 Transmutations
 + Level 4.7 Fire Magic
 + Level 4.7 Ice Magic
 + Level 4.7 Air Magic
 + Level 4.7 Earth Magic
 + Level 4.7 Poison Magic
 + Level 7.9 Invocations
 + Level 5.7 Evocations


You had 20 spell levels left.
You didn't know any spells.
Your spell library contained the following spells:

 Spells                   Type           Power      Damage    Failure   Level
 Scorch                   Fire           26%        2d6       95%         2
 Summon Guardian Golem    Hex/Summ       13%        N/A       99%         3
 Flame Wave               Conj/Fire      13%        3d5       100%        4
 Summon Cactus Giant      Summ           6%         N/A       100%        6
 Orb of Destruction       Conj           6%         9d3       100%        7
 Spellforged Servitor     Conj/Summ      6%         N/A       100%        7
 Chain Lightning          Conj/Air       6%         3d8       100%        9
 Fire Storm               Conj/Fire      6%         8d2       100%        9
 Shatter                  Erth           6%         3d9*      100%        9


Dungeon Overview and Level Annotations

Branches:
Dungeon (9/15)             Temple (0/1) D:6             Orc (0/2) D:9
   Lair: D:8-11

Altars:
Dithmenos
Kikubaaqudgha
Makhleb
Nemelex Xobeh
Okawaru
Qazlal
Wu Jian
The Shining One

Shops:
D:1 (

Annotations:
D:9 corrupted


Innate Abilities, Weirdness & Mutations

You have very sharp teeth.
Your uncanny sense of smell can sniff out nearby items.
Your experience applies equally to all skills.
Your body often deteriorates upon taking damage.
You expend magic power (3 MP) to strengthen your wands.


Message History

The orc hits you from afar with a +0 trident.
* * * LOW HITPOINT WARNING * * *
Unknown command.
You barely miss the howler monkey.
The howler monkey is severely wounded.
You feel sick.
The howler monkey hits you but does no damage.
The howler monkey hoots and howls with incredible vigour!
The orc hits you but does no damage. The orc barely misses you.
You hear a shout!
You hear an angry hiss.
You hear a shout!
Space bends around you!
You blink.
A water moccasin, 3 orcs, an orc warrior and a shadow come into view.
Found a staircase to the Orcish Mines.
You feel sick.
You are no longer poisoned.
The water moccasin hisses angrily.
The orc shouts! x2; The orc warrior shouts!
The orc shouts!
An orc comes into view. It is wielding a +0 dagger.
The orc hits you with a +0 trident.
* * * LOW HITPOINT WARNING * * *
Unknown command.
As you read the scroll of teleportation, it crumbles to dust.
You feel strangely unstable.
The howler monkey hoots and howls with incredible vigour!
The shadow slips into darkness.
The shadow flickers and vanishes!
Deactivating autopickup; reactivate with Ctrl-A.
The orc hits you but does no damage. The orc completely misses you.
Your surroundings seem slightly different.
The howler monkey hoots and howls with incredible vigour!
Okay, then.
You fail to use your ability.
The shadow strikes at you from the darkness!
* * * LOW HITPOINT WARNING * * *
Reactivating autopickup.
Unknown command.
Lugonu's Hand of Corruption reaches out!
You can no longer corrupt the fabric of space.
Something hits the thrashing horror.
The shadow hits you!
You die...

.. ## .# '##.##. .# .
###......###.# .
#.....#..D..#.#### .
#......#....#.... #
.......#.....x.# .
.8....>WooXSWE# ##
.........o.#@.#
h####.........o#o#..#
.y.##.....8..o...# ##
.#..####...h.###W.
.##.######.### .##
.##.h†...h.# #
.####.######
.....##############
..>.<#.§§.........#


You could see an orc warrior, a water moccasin, a shadow, 2 orcs, a neutral bone
dragon (summoned), a neutral thrashing horror (summoned), a neutral air
elemental (summoned), 2 neutral wraiths and a neutral small abomination
(summoned).

Vanquished Creatures
  2 trolls
  4 yaks (D:7)
  2 humans (D:7)
  A steam dragon (D:7)
  Menkaure (D:7)
  An acid dragon (D:8)
  2 water moccasins
  An ice beast (D:6)
  4 orc warriors
  A black bear (D:6)
  2 ogres (D:7)
  A necrophage (D:3)
  2 phantoms
  5 bullfrogs
  A scorpion (D:5)
  2 killer bees (D:9)
  2 howler monkeys
  A jelly (D:8)
  5 wights
  4 bullfrog zombies (D:6)
  2 centaur zombies
  4 hounds
  A human zombie (D:6)
  7 orc priests
  4 centaur skeletons
  3 iron imps (D:9)
  A bullfrog skeleton (D:6)
  A scorpion zombie (D:4)
  7 orc wizards
  2 killer bee zombies (D:6)
  A hound zombie (D:4)
  A hound skeleton (D:4)
  2 mummies (D:6)
  A gnoll (D:3)
  9 adders
  A white imp (D:7)
  2 ufetubi
  2 adder zombies (D:4)
  2 adder skeletons
  2 worms (D:2)
  2 dart slugs
  25 orcs
  11 ball pythons
  18 endoplasms
  A giant cockroach (D:3)
  3 goblins
  6 hobgoblins
  3 jackals (D:1)
  2 quokkas (D:3)
  4 bats
  7 frilled lizards
  9 kobolds
  2 quokka zombies (D:4)
  7 rats
199 creatures vanquished.

Vanquished Creatures (collateral kills)
  A tentacled starspawn (Abyss:1)
  A chaos spawn (Abyss:1)
2 creatures vanquished.

Vanquished Creatures (others)
  57 fungi (D:9)
  48 plants (D:9)
  2 starspawn tentacles (Abyss:1)
107 creatures vanquished.

Grand Total: 308 creatures vanquished

Notes
Turn   | Place    | Note
-------+----------+-------------------------------------------
     0 | Abyss:1  | Gargoyl the Gnoll Abyssal Knight began the quest for the
                  | Orb.
     0 | Abyss:1  | Reached XP level 1. HP: 23/23 MP: 3/3
    29 | Abyss:1  | Found a corrupted altar of Lugonu.
   158 | Abyss:1  | Noticed a tentacled starspawn
   164 | Abyss:1  | Killed a tentacled starspawn
   165 | Abyss:1  | Reached skill level 7 in Fighting
   165 | Abyss:1  | Reached skill level 5 in Axes
   165 | Abyss:1  | Reached skill level 5 in Armour
   165 | Abyss:1  | Reached skill level 5 in Invocations
   165 | Abyss:1  | Reached XP level 2. HP: 31/31 MP: 4/6
   165 | Abyss:1  | Reached XP level 3. HP: 36/36 MP: 4/7
   165 | Abyss:1  | Reached XP level 4. HP: 43/43 MP: 4/8
   165 | Abyss:1  | Reached XP level 5. HP: 48/48 MP: 4/9
   165 | Abyss:1  | Reached XP level 6. HP: 55/55 MP: 4/10
   165 | Abyss:1  | Reached XP level 7. HP: 60/60 MP: 4/11
   165 | Abyss:1  | Reached XP level 8. HP: 67/67 MP: 4/12
   198 | Abyss:1  | Noticed a vampire
   199 | D:1      | Escaped the Abyss
   400 | D:1      | Reached * piety under Lugonu
   502 | D:1      | Found Hisihiyse's Weapon Shoppe.
  1464 | D:2      | Reached ** piety under Lugonu
  1873 | D:3      | Found a faded altar of an unknown god.
  3684 | D:4      | You fall into a shaft and drop 3 floors!
  3865 | D:7      | Reached XP level 9. HP: 50/72 MP: 14/14
  3931 | D:7      | Reached *** piety under Lugonu
  4501 | D:5      | Entered Level 5 of the Dungeon
  4552 | D:5      | Found a glowing golden altar of the Shining One.
  4774 | D:4      | Found a stormy altar of Qazlal.
  5226 | D:5      | Identified the +9 spear "Mohujeih" {freeze, rElec Str+3
                  | Int+4}
  5640 | D:6      | Reached skill level 5 in Dodging
  5924 | D:6      | Noticed a troll
  5930 | D:6      | Killed a troll
  5931 | D:6      | Reached skill level 8 in Fighting
  6454 | D:6      | Found a staircase to the Ecumenical Temple.
  7020 | D:6      | Found an ancient bone altar of Kikubaaqudgha.
  7032 | D:6      | Reached **** piety under Lugonu
  7582 | D:7      | Found an iron altar of Okawaru.
  7593 | D:7      | Reached XP level 10. HP: 68/80 MP: 17/17
  7919 | D:7      | Noticed Menkaure
  7923 | D:7      | Killed Menkaure
  7924 | D:7      | Reached skill level 5 in Short Blades
  7924 | D:7      | Reached skill level 5 in Long Blades
  7924 | D:7      | Reached skill level 5 in Maces & Flails
  7924 | D:7      | Reached skill level 5 in Polearms
  7924 | D:7      | Reached skill level 5 in Staves
  7924 | D:7      | Reached skill level 5 in Slings
  7924 | D:7      | Reached skill level 5 in Bows
  7924 | D:7      | Reached skill level 5 in Crossbows
  7924 | D:7      | Reached skill level 5 in Throwing
  7924 | D:7      | Reached skill level 5 in Stealth
  7924 | D:7      | Reached skill level 5 in Shields
  7924 | D:7      | Reached skill level 5 in Unarmed Combat
  7924 | D:7      | Reached skill level 5 in Spellcasting
  7924 | D:7      | Reached skill level 5 in Evocations
  8120 | D:7      | Found a sparkling altar of Nemelex Xobeh.
  8505 | D:7      | Found a shadowy altar of Dithmenos.
  8856 | D:8      | Gained mutation: Your body sometimes deteriorates upon
                  | taking damage. [potion of mutation]
  8856 | D:8      | Gained mutation: You expend magic power (3 MP) to
                  | strengthen your wands. [potion of mutation]
  8856 | D:8      | Gained mutation: Your body often deteriorates upon taking
                  | damage. [potion of mutation]
 11139 | D:8      | Found an ornate altar of the Wu Jian Council.
 11252 | D:9      | Found a burning altar of Makhleb.
 12362 | D:9      | Found a staircase to the Orcish Mines.
 12370 | D:9      | Corrupted D:9
 12370 | D:9      | Noticed a thrashing horror
 12370 | D:9      | Noticed a bone dragon
 12370 | D:9      | Slain by a shadow

Illustrated notes

Levels and vault maps discovered:
D:1:      minmay_arrival_doors, layout_basic, serial_shops, shop,
          minmay_tetromino_o4
D:2:      layout_rooms, minmay_split_cup_small
D:3:      layout_basic, hellmonk_ecumenical_altar_heavens_door, minmay_between
D:4:      layout_cave_pools, nicolae_qazlal_scattered_showers, serial_undead,
          serial_undead_e, serial_undead_e, serial_undead_b, serial_undead_a
D:5:      layout_gridville, kennysheep_little_box
D:6:      layout_layer_cave, lemuel_mausoleum_altar_kikubaaqudgha,
          minmay_temple_entry_glassed_door, grunt_ministairs_1
D:7:      layout_basic, okawaru_humans,
          nicolae_dithmenos_through_a_glass_darkly, nemelex_dance_club_becter,
          uniq_menkaure
D:8:      layout_gridville, lemuel_round_altar, ebering_dispersal_statue_hall
D:9:      layout_roguey [special_room_bee], lemuel_tele_altar, led_sif_book,
          lemuel_doored_altar, demons_altar, mainiacjoe_overflow_swirl,
          due_lair_maze_entry_diamond, david_orc_2, kennysheep_generic_room_12,
          uniq_maurice

Skill      XL: |  1  2  3  4  5  6  7  8  9 10 |
---------------+-------------------------------+-----
Fighting       | 7 8 |  8.8
Short Blades   | 3 4 5 |  5.7
Long Blades    | 3 4 5 |  5.7
Axes           | 5 6 7 |  7.4
Maces & Flails | 3 4 5 |  5.7
Polearms       | 3 4 5 |  5.7
Staves         | 3 4 5 |  5.7
Slings         | 3 4 5 |  5.7
Bows           | 3 4 5 |  5.7
Crossbows      | 3 4 5 |  5.7
Throwing       | 3 4 5 |  5.7
Armour         | 5 6 7 |  7.4
Dodging        | 4 5 6 |  6.3
Stealth        | 3 4 5 |  5.7
Shields        | 3 4 5 |  5.7
Unarmed Combat | 3 4 5 |  5.7
Spellcasting   | 3 4 5 |  5.7
Conjurations   | 2 3 4 |  4.7
Hexes          | 2 3 4 |  4.7
Summonings     | 2 3 4 |  4.7
Necromancy     | 2 3 4 |  4.7
Translocations | 2 3 4 |  4.7
Transmutations | 2 3 4 |  4.7
Fire Magic     | 2 3 4 |  4.7
Ice Magic      | 2 3 4 |  4.7
Air Magic      | 2 3 4 |  4.7
Earth Magic    | 2 3 4 |  4.7
Poison Magic   | 2 3 4 |  4.7
Invocations    | 5 6 7 |  7.9
Evocations     | 3 4 5 |  5.7

Action                   |  1- 3 |  4- 6 |  7- 9 | 10-12 || total
-------------------------+-------+-------+-------+-------++-------
Melee: Hand axe          |       |       |   322 |     2 ||   324
       Whip              |       |       |   110 |       ||   110
       Bite              |       |       |    61 |    15 ||    76
       Punch             |       |       |     7 |     3 ||    10
       Spear             |       |       |   135 |   222 ||   357
Throw: Dart              |       |       |       |     8 ||     8
Invok: Depart the Abyss  |       |       |     1 |       ||     1
       Banish            |       |       |     1 |     1 ||     2
       Bend Space        |       |       |       |     1 ||     1
       Corrupt           |       |       |       |     1 ||     1
  Use: Scroll            |     1 |       |    14 |     9 ||    24
       Potion            |       |       |       |     2 ||     2
 Stab: Sleeping          |       |       |     2 |       ||     2
Armor: Plate armour      |       |       |   349 |   128 ||   477
       Ring mail         |       |       |    10 |       ||    10
       Leather armour    |       |       |     8 |       ||     8
Dodge: Dodged            |       |       |   202 |    85 ||   287

Table legend: (Time is in decaauts)
 A = Elapsed time spent in this place.
 B = Non-inter-level travel time spent in this place.
 C = Inter-level travel time spent in this place.
 D = Time resting spent in this place.
 E = Time spent auto-exploring this place.
 F = Levels seen in this place.
 G = Mean time per level.
                   A        B        C        D        E       F      G
               +--------+--------+--------+--------+--------+-----+--------+
         Total |  12319 |  11999 |    320 |   2384 |   7640 |  10 | 1231.9 |
       Dungeon |  12119 |  11799 |    320 |   2384 |   7467 |   9 | 1346.6 |
         Abyss |    199 |    199 |      0 |      0 |    173 |   1 |  199.0 |
               +--------+--------+--------+--------+--------+-----+--------+

Top non-repeatable levels by time:
     D:7: 2469 daAuts
     D:6: 2454 daAuts
     D:8: 2296 daAuts
     D:3: 1475 daAuts
     D:1: 892 daAuts
     D:4: 834 daAuts
     D:2: 735 daAuts
     D:5: 673 daAuts
     D:9: 289 daAuts
 Abyss:1: 199 daAuts
